[Event "*** SCC Grand Prix: Titled Tuesday Blitz"]
[Site "Chess.com"]
[Date "2020.09.08"]
[Round "7"]
[White "WPWPWP-2015"]
[Black "ExcitingTrap"]
[Result "0-1"]
[WhiteElo "2425"]
[BlackElo "2303"]
[TimeControl "180+1"]
[EndTime "11:19:44 PDT"]
[Termination "ExcitingTrap won by checkmate"]

1. e4 e6 2. d4 d5 3. Nc3 Nf6 4.
e5 Nfd7 5. f4 c5 6. Nf3 Nc6 7. Be3 Be7 8. Qd2 O-O 9. O-O-O Qa5 10. Kb1 Rb8 11. f5 cxd4 12. Bxd4 exf5 13. Nb5 Qxd2 14. Rxd2 a6 15. Nd6 Nxd4 16. Rxd4 Bxd6 17.
exd6 Nf6 18. c4 Be6 19. c5 Rfc8 20. b4 a5 21. a3 axb4 22. axb4 b6 23. cxb6 Rxb6 24.
Bd3 Rxd6 25. Kb2 Rb6 26. Ra1 Rcb8 27. Kb3 Ne4 28. Ra5 h6 29. b5 Nc5+ 30. Kb4 Nb7 31. Ra6 Nd8 32. Rxb6 Rxb6 33. Kc5 Rb8 34. Ne5 Kf8 35.
Nc6 Rc8 36. Kb6 Ke8 37. Ra4 Kd7 38. Ra7+ Kd6 39. Na5 Rb8+ 40. Nb7+ Nxb7 41. Rxb7 Rxb7+ 42. Kxb7 Kc5 43. b6 d4 44. Kc7 Bd5 45. Ba6 Bxg2 46. Bb7 Bf1 47. Bc6 Ba6 48. Bg2 d3 49. Bf1 d2 50.
Be2 Bxe2 51. b7 d1=Q 52. b8=Q Qd6+ 53. Kb7 Qxb8+ 54. Kxb8 f4 55. Kc8 f3 56. Kd8 f2 57.
Ke8 f1=Q 58. Kf8 Qg2 59. Kg8 Qxh2 60. Kh8 g5 61. Kh7 g4 62. Kg7 g3 63. Kh7 g2 64.
Kh8 g1=Q 65. Kh7 Qg6+ 66. Kh8 Qe5# 0-1

[Event "*** SCC Grand Prix: Titled Tuesday Blitz"]
[Site "Chess.com"]
[Date "2020.09.08"]
[Round "7"]
[White "Th3_Hound"]
[Black "diablanni"]
[Result "1-0"]
[WhiteElo "2585"]
[BlackElo "2350"]
[TimeControl "180+1"]
[EndTime "11:19:47 PDT"]
[Termination "Th3_Hound won on time"]

1. e4 c5 2. Nf3 Nc6 3. d4 cxd4 4.
Nxd4 g6 5. c4 Nf6 6. Nc3 d6 7.
Be2 Nxd4 8. Qxd4 Bg7 9. Be3 O-O 10. Qd2 a5 11. O-O a4 12. f3 Be6 13. Rab1 Qa5 14. Rfd1 Rfc8 15. b4 axb3 16. axb3 Qb4 17. Bd4 Nd7 18.
Bxg7 Kxg7 19. f4 f6 20. Kh1 Ra3 21. Nb5 Qxd2 22. Rxd2 Ra5 23. Bf3 Rca8 24. h3 Ra1 25. Rxa1 Rxa1+ 26. Kh2 Rb1 27. Ra2 Rxb3 28. Nd4 Bxc4 29.
Nxb3 Bxb3 30. Ra7 Nc5 31. e5 fxe5 32. fxe5 d5 33. Ra5 b6 34. Rb5 d4 35. Rxb6 d3 36.
Rb5 d2 37. Rxc5 d1=Q 38. Bxd1 Bxd1 39. Kg3 Kf7 40. Kf4 h6 41. h4 Bb3 42. g4 Bd1 43.
Rc6 Bb3 44. Rb6 Be6 45. g5 h5 46. Ke3 Bf5 47. Kd4 Be6 48. Kc5 Ba2 49. Kb4 Bd5 50.
Ka5 Bc4 51. Rc6 Bd5 52. Rb6 Bc4 53. Kb4 Be6 54. Kc5 Bf5 55. Kc6 Ke6 56. Rb5 Bd3 57. Ra5 Kf5 58. Kd7 e6 59. Kd6 Bc4 60. Ra4 Bd5 61. Rd4 Ba2 62. Rd2 Bb3 63. Rf2+ Kg4 64. Rf6 Kxh4 65. Rxg6 Kg4 66. Rg8 h4 67. g6 Kg5 68. g7 Kg6 69. Ke7 h3 70. Kf8 Bd5 71. Rh8 1-0

[Event "*** SCC Grand Prix: Titled Tuesday Blitz"]
[Site "Chess.com"]
[Date "2020.09.08"]
[Round "7"]
[White "Sanan_Sjugirov"]
[Black "Koksik_13"]
[Result "1-0"]
[WhiteElo "2845"]
[BlackElo "2661"]
[TimeControl "180+1"]
[EndTime "11:19:48 PDT"]
[Termination "Sanan_Sjugirov won on time"]

1. e4 e6 2. d4 d5 3. Nd2 Nf6 4. e5 Nfd7 5. f4 c5 6. Ngf3 Nc6 7. Nb3 a5 8. dxc5 Nxc5 9. Be3 Ne4 10. a4 f5 11. Bb5 Be7 12. O-O O-O 13. c3 Bd7 14. Nbd4 Nxd4 15. Nxd4 Bc5 16. Bd3 Qe7 17. Qe2 Rac8 18. Nb3 b6 19. Bxc5 bxc5 20. Nxa5 c4 21. Bxe4 Qc5+ 22. Qf2 Qxa5 23. Bc2 Rb8 24. Rfb1 Rb7 25. h3 Rfb8 26. Ra2 Qa7 27. Qxa7 Rxa7 28. b4 cxb3 29. Rxb3 Rba8 30. Rb4 Rc7 31. Ra3 Ra5 32. Kf2 Kf7 33. Ke3 h6 34. h4 Rac5 35. Kd4 g5 36.
hxg5 hxg5 37. g3 gxf4 38. gxf4 Ra5 39. Bd3 Rca7 40. Bc2 Rc7 41. Bb3 Rca7 42. c4 dxc4 43. Rxc4 Rd5+ 44. Kc3 Rda5 45. Rd4 Rc5+ 46. Kd2 Ke7 47.
Bd1 Bc6 48. Rh3 Bd7 49. Rh7+ Kd8 50. Bb3 Ra6 51. Rdxd7+ 1-0

[Event "*** SCC Grand Prix: Titled Tuesday Blitz"]
[Site "Chess.com"]
[Date "2020.09.08"]
[Round "7"]
[White "vinniethepooh"]
[Black "elohunter1999"]
[Result "1/2-1/2"]
[WhiteElo "2653"]
[BlackElo "2468"]
[TimeControl "180+1"]
[EndTime "11:19:48 PDT"]
[Termination "Game drawn by repetition"]

1. Nf3 Nf6 2. g3 b6 3. Bg2 Bb7 4. c4 c5 5. O-O e6 6. b3 Be7 7. Bb2 O-O 8. d4 cxd4 9. Nxd4 Bxg2 10. Kxg2 Nc6 11. Nc3 Rc8 12. e4 Qc7 13. Rc1 Qb7 14.
Nxc6 Qxc6 15. Qf3 Rfd8 16. Rfd1 a6 17. h3 Qb7 18. e5 Qxf3+ 19. Kxf3 Ne8 20. Ne4 d5 21.
cxd5 Rxc1 22. Rxc1 Rxd5 23. Rc8 Rd8 24. Rc6 Rb8 25.
Bd4 Bd8 26. a4 Kf8 27. Ke3 Nc7 28. Nc3 b5 29. Bc5+ Ke8 30. Bd6 Kd7 31. Rc5 Rb7 32. Ne4 Nd5+ 33. Kd4 Bb6 34. axb5 axb5 35. Kd3 Bxc5 36.
Nxc5+ Kc6 37. Nxb7 Kxb7 38. Bf8 g6 39. f4 Kc6 40. Kd4 Nb6 41. Ke4 Nd7 42. Bd6 Nc5+ 43. Bxc5 Kxc5 44. Kd3 Kd5 45. b4 Kc6 46. Kd4 Kb6 47.
Ke4 Kc6 48. Kd4 Kb6 49. g4 Kc6 50. Ke4 Kc7 51. f5 g5 52. f6 h6 53. Kd4 Kc6 54.
Ke4 Kc7 55. Kd4 Kc6 56. Ke4 Kc7 1/2-1/2

[Event "*** SCC Grand Prix: Titled Tuesday Blitz"]
[Site "Chess.com"]
[Date "2020.09.08"]
[Round "7"]
[White "GM_Levan_Pantsulaia"]
[Black "belisarius64"]
[Result "1-0"]
[WhiteElo "2857"]
[BlackElo "2678"]
[TimeControl "180+1"]
[EndTime "11:19:49 PDT"]
[Termination "GM_Levan_Pantsulaia won on time"]

1. Nf3 Nf6 2. g3 g6 3. Bg2 Bg7 4. O-O O-O 5. b3 d6 6. Bb2 e5 7.
d4 e4 8. Nfd2 e3 9. fxe3 Ng4 10.
Rf3 Bh6 11. Nf1 Re8 12. Bc1 f5 13. Nc3 d5 14. Rf4 c6 15. Rxg4 fxg4 16. e4 Bxc1 17. Rxc1 dxe4 18. Nxe4 Nd7 19. Qd2 Nf6 20. Nf2 Bf5 21. Re1 Be4 22. c3 Bxg2 23. Kxg2 Ne4 24. Qd3 Qd5 25. Ne3 Nxf2+ 26. Kxf2 Qe4 27. Qxe4 Rxe4 28.
Nc4 Rf8+ 29. Kg2 h5 30. e3 Re7 31. Nd2 g5 32. e4 h4 33. gxh4 gxh4 34. e5 Kg7 35. Re4 Kh6 36. Rxg4 Rg7 37. Rxg7 Kxg7 38. Ne4 Kg6 39. Nd6 b6 40. a4 h3+ 41. Kg3 Rf1 42.
c4 Rd1 43. Nc8 Kf5 44. Nxa7 Rxd4 45. Nxc6 Rd3+ 46. Kh4 Ke6 47. b4 Rc3 48. c5 bxc5 49. b5 Ra3 50. b6 c4 51. b7 Rb3 52. Nd4+ Kd5 53. Nxb3 1-0

[Event "*** SCC Grand Prix: Titled Tuesday Blitz"]
[Site "Chess.com"]
[Date "2020.09.08"]
[Round "7"]
[White "juli2512"]
[Black "Colombiano07"]
[Result "0-1"]
[WhiteElo "2054"]
[BlackElo "2320"]
[TimeControl "180+1"]
[EndTime "11:19:50 PDT"]
[Termination "Colombiano07 won by resignation"]

1. e4 e6 2. d4 d5 3. Nd2 c5 4. exd5 Qxd5 5. Ngf3 cxd4 6. Bc4 Qd7 7. O-O Nf6 8. Nb3 Nc6 9. Nbxd4 Nxd4 10. Qxd4 Qxd4 11. Nxd4 a6 12. a4 Bd7 13. Be2 Bc5 14. Nb3 Ba7 15. Bf3 Bc6 16. Bxc6+ bxc6 17. Na5 Rc8 18. Nc4 O-O 19.
Bg5 Ne4 20. Be3 Bxe3 21. Nxe3 Rb8 22. b3 Rfd8 23. Rfd1 Nc3 24. Rxd8+ Rxd8 25. Kf1 Rd2 26.
a5 Nd5 27. Nxd5 cxd5 28. Rc1 Kf8 29. Ke1 Rd4 30. c3 Re4+ 31. Kd2 Ke7 32. f3 Rh4 33. h3 Kd6 34. Kd3 e5 35. b4 Rc4 36. Rb1 f5 37. b5 axb5 38. Rxb5 Ra4 39. g4 g6 40. gxf5 gxf5 41.
Rb7 f4 42. Rxh7 e4+ 43. fxe4 dxe4+ 44. Ke2 Ra2+ 45. Ke1 Rxa5 46. Rh6+ Ke7 47. Ke2 Ra2+ 48. Ke1 Rc2 49. Rc6 Kd7 50. Rf6 f3 51. Rf4 Re2+ 52.
Kf1 Ke6 53. h4 Ke5 54. Rf8 Rh2 55. Re8+ Kf4 56. Rf8+ Ke3 57. Kg1 Rxh4 58. c4 f2+ 59. Kg2 Rg4+ 60. Kh3 Rg1 61. c5 0-1

[Event "*** SCC Grand Prix: Titled Tuesday Blitz"]
[Site "Chess.com"]
[Date "2020.09.08"]
[Round "7"]
[White "mishanick"]
[Black "platy3"]
[Result "1-0"]
[WhiteElo "3007"]
[BlackElo "2821"]
[TimeControl "180+1"]
[EndTime "11:19:51 PDT"]
[Termination "mishanick won on time"]

1. d4 Nf6 2. c4 c5 3. d5 e6 4. Nc3 exd5 5. cxd5 d6 6. e4 g6 7. Be2 Bg7 8. Nf3 O-O 9. Be3 Bg4 10.
Nd2 Bxe2 11. Qxe2 Re8 12. O-O a6 13. a4 Nbd7 14. Bf4 Ne5 15. h3 Nfd7 16. Bh2 f5 17.
Kh1 Qh4 18. Rae1 f4 19. Nf3 Nxf3 20. Qxf3 Rf8 21. Qg4 Qxg4 22. hxg4 Bxc3 23. bxc3 b5 24. axb5 axb5 25. Rb1 Rab8 26. f3 Ne5 27. Rb3 Nc4 28. Ra1 Rb7 29. Rab1 b4 30. Ra1 Nd2 31. Rb2 Nc4 32.
Rb3 g5 33. cxb4 Rfb8 34. g3 fxg3 35. Bxg3 Rxb4 36. Rc3 Rb1+ 37. Rc1 Rxa1 38. Rxa1 Rb3 39. Kg2 Rb2+ 40. Kg1 Rb3 41. Rc1 Nd2 42. Bxd6 Nxf3+ 43. Kg2 Nd2 44. e5 Ne4 45. Bc7 Rd3 46. Rc4 Nd2 47. Rxc5 Ne4 48. Rb5 h5 49. gxh5 g4 50. e6 Rd2+ 51.
Kf1 g3 52. Rb4 Rd1+ 53. Ke2 g2 54. Bh2 Rh1 55. Rxe4 Rxh2 56. Rg4+ Kf8 57. Kf2 Ke7 58.
Rg7+ Kd6 59. Rd7+ Ke5 60. e7 1-0

[Event "*** SCC Grand Prix: Titled Tuesday Blitz"]
[Site "Chess.com"]
[Date "2020.09.08"]
[Round "7"]
[White "kngopal"]
[Black "tmr88"]
[Result "1-0"]
[WhiteElo "2228"]
[BlackElo "2047"]
[TimeControl "180+1"]
[EndTime "11:19:53 PDT"]
[Termination "kngopal won on time"]

1. e4 e5 2. Nf3 Nc6 3. Bc4 Bc5 4. O-O Nf6 5. d4 Bxd4 6. Nxd4 Nxd4 7. f4 d6 8. fxe5 dxe5 9. Bg5 Qe7 10. Nc3 c6 11. Bxf6 gxf6 12. Qh5 Be6 13. Bxe6 Qxe6 14. Rf2 Ke7 15.
Raf1 Rag8 16. Rxf6 Qxf6 17. Rxf6 Kxf6 18. Nd1 Rg5 19.
Qh6+ Rg6 20. Qe3 Rhg8 21. g3 h5 22. c3 Nb5 23. Qf3+ Ke7 24. Qxh5 f6 25. Qe2 Nd6 26. Ne3 Rg5 27. b4 b5 28. c4 a6 29. cxb5 axb5 30.
Qc2 Kd7 31. Qc5 Ra8 32. Qc2 Ra4 33. Nf1 Rxb4 34. Qd2 Rd4 35. Qa5 Nxe4 36. Qa7+ Ke6 37. Qc7 Rd6 38. Qc8+ Kd5 39. Qa6 Nc5 40. Qa7 Ke6 41.
Qxc5 Kd7 42. Qa7+ Ke6 43. Qc5 Kd7 44. a4 Rd5 45. Qa7+ Kd6 46. a5 b4 47. Qb8+ Kc5 48.
Qb6+ Kc4 49. a6 Rb5 50. Qxc6+ Rc5 51. Qe6+ Kb5 52. a7 Rc2 53. Qd7+ Kb6 54. a8=Q 1-0

[Event "*** SCC Grand Prix: Titled Tuesday Blitz"]
[Site "Chess.com"]
[Date "2020.09.08"]
[Round "7"]
[White "Maghalashvili"]
[Black "GianmarcoVaR"]
[Result "1-0"]
[WhiteElo "2740"]
[BlackElo "2563"]
[TimeControl "180+1"]
[EndTime "11:19:54 PDT"]
[Termination "Maghalashvili won by resignation"]

1. Nf3 Nf6 2. g3 d5 3. Bg2 Bg4 4. O-O c6 5. c4 e6 6. d4 Nbd7 7. h3 Bh5 8. cxd5 exd5 9. Qb3 Qb6 10. Qe3+ Be7 11. Nh4 Bg6 12. Nc3 Qd8 13. b4 a6 14.
Nxg6 hxg6 15. Rb1 Nb6 16. a4 Nc4 17. Qd3 b5 18. e4 Qd7 19. e5 Nh7 20. f4 Nf8 21. g4 f5 22. exf6 gxf6 23. f5 gxf5 24. Rxf5 Ng6 25. Rxd5 cxd5 26. Qxg6+ Kd8 27. Nxd5 Rc8 28. axb5 Nb6 29. Qf7 Nxd5 30. Bxd5 Rf8 31. Qe6 axb5 32. Qe4 f5 33. Qe6 fxg4 34. hxg4 Rf6 35.
Qxd7+ Kxd7 36. Ra1 Rd6 37. Ra7+ Rc7 38. Rxc7+ Kxc7 39. Bf4 Kd7 40. Bxd6 Bxd6 41. g5 Ke7 42. Kf2 Bxb4 43. Ke3 Bd6 44. g6 Kf6 45. Be4 b4 46.
Kd3 Kg7 47. Kc4 Kf6 48. Kd5 Bf8 49. Kc6 b3 50. Bb1 b2 51. d5 Ke7 52. Kc7 Ke8 53. d6 Be7 54. dxe7 Kxe7 55. Kc6 Kf6 56. Kd6 Kg7 57.
Ke6 Kg8 58. Kf6 Kh8 59. g7+ Kg8 60. Ba2+ Kh7 61. g8=Q+ 1-0

[Event "*** SCC Grand Prix: Titled Tuesday Blitz"]
[Site "Chess.com"]
[Date "2020.09.08"]
[Round "7"]
[White "Jenia84"]
[Black "ketster"]
[Result "1-0"]
[WhiteElo "2323"]
[BlackElo "2439"]
[TimeControl "180+1"]
[EndTime "11:19:54 PDT"]
[Termination "Jenia84 won on time"]

1. Nf3 d5 2. b3 Nf6 3. Bb2 Bg4 4. e3 c5 5. c4 Nc6 6. Be2 d4 7. exd4 cxd4 8. d3 e5 9. Nbd2 Bd6 10. O-O Bf5 11.
Re1 O-O 12. a3 a5 13. Rc1 b6 14. Bf1 Bg4 15. h3 Bh5 16. g4 Bg6 17. Qe2 Nd7 18.
Bg2 Nc5 19. Ne4 Bxe4 20. dxe4 Nxb3 21. Rcd1 Qe7 22. Nd2 Nxd2 23. Qxd2 Bxa3 24. f4 Bxb2 25.
Qxb2 f6 26. Qxb6 Rfc8 27. fxe5 fxe5 28. Qb5 Qe6 29. Qd5 Nd8 30. Rf1 a4 31. Ra1 a3 32. Ra2 Qxd5 33. cxd5 Nf7 34. Rf3 Rc3 35. Rxc3 dxc3 36. Kf2 c2 37. Ra1 a2 38. Bf1 c1=Q 39. Rxc1 a1=Q 40. Rxa1 Rxa1 41. Bc4 Nd6 42. Bb3 Ra3 43.
Bd1 Rxh3 44. Bf3 Rh2+ 45. Kg3 Rh6 46. Bd1 Rf6 47. Kg2 Rf8 48. Bb3 g6 49. Ba2 Kg7 50.
Kg3 Rb8 51. Kh4 Rb2 52. Kg3 Rxa2 53. Kh4 Ra3 54. g5 Nxe4 55. Kg4 Nd6 56. Kh4 Rd3 57.
Kg4 Rxd5 58. Kh4 1-0

[Event "*** SCC Grand Prix: Titled Tuesday Blitz"]
[Site "Chess.com"]
[Date "2020.09.08"]
[Round "7"]
[White "Nafania1"]
[Black "OscarAng"]
[Result "1-0"]
[WhiteElo "2405"]
[BlackElo "2244"]
[TimeControl "180+1"]
[EndTime "11:19:54 PDT"]
[Termination "Nafania1 won by checkmate"]

1. e4 d5 2. exd5 Qxd5 3. Nc3 Qa5 4. d4 c6 5. Nf3 Nf6 6. Ne5 e6 7. Bd3 Nbd7 8. Nc4 Qc7 9. Qf3 Nd5 10. O-O N7f6 11.
Ne4 Be7 12. Ne5 O-O 13. c4 Nb4 14. Bb1 Nxe4 15. Qxe4 f5 16. Qe2 Bf6 17. a3 Bxe5 18. dxe5 Na6 19. b4 Rd8 20. Bg5 Rd4 21. Bc2 b5 22. c5 Bb7 23. Rad1 Rd5 24. f4 h6 25.
Bh4 Qd7 26. Bb3 Rd4 27. Bf2 Rxd1 28. Rxd1 Qe7 29. Rd6 Nc7 30. Qd3 Nd5 31. Bxd5 exd5 32. Qxf5 Rf8 33. Qg4 Bc8 34. e6 Qf6 35. h3 Re8 36. f5 g6 37. Qxg6+ Qxg6 38. fxg6 Bxe6 39.
Bd4 a5 40. Rxc6 Bf5 41. Rc7 axb4 42. axb4 Re4 43. Bf6 Re8 44. Rg7+ Kf8 45. Rf7+ Kg8 46.
Rb7 Bxg6 47. Rg7+ Kf8 48. Rxg6 Kf7 49. Rxh6 Re1+ 50. Kh2 Rd1 51. Bg5 d4 52. Rd6 d3 53.
c6 Rc1 54. Rd7+ Ke6 55. Rxd3 Rxc6 56. Be3 Rc4 57. Bc5 Kf5 58. Rd6 Ke4 59. Rb6 Rc2 60. Rxb5 Kd5 61. Rb6 Kc4 62. Rg6 Re2 63. h4 Re6 64.
Rxe6 Kb5 65. h5 Ka4 66. h6 Kb5 67. h7 Ka4 68. h8=Q Kb5 69. Qc3 Ka4 70. Ra6+ Kb5 71. Qd3# 1-0

[Event "*** SCC Grand Prix: Titled Tuesday Blitz"]
[Site "Chess.com"]
[Date "2020.09.08"]
[Round "7"]
[White "mbojan"]
[Black "FlamingPhoenix123"]
[Result "1-0"]
[WhiteElo "2794"]
[BlackElo "2568"]
[TimeControl "180+1"]
[EndTime "11:19:57 PDT"]
[Termination "mbojan won by resignation"]

1. e4 c5 2. Nf3 d6 3. d4 cxd4 4. Nxd4 Nf6 5. Nc3 Nc6 6. Be2 e5 7. Nf3 h6 8. O-O Be7 9. Re1 O-O 10. a3 Be6 11. Bf1 a6 12. Nd5 Bxd5 13. exd5 Nb8 14.
c4 Nbd7 15. b4 Rc8 16. Bb2 Nb6 17. Rc1 Qd7 18. Ba1 Rc7 19. c5 Rfc8 20. Qd2 Nbxd5 21. Rcd1 dxc5 22. Nxe5 Qd6 23. Bc4 cxb4 24. Bxd5 Nxd5 25. Qxd5 Qxd5 26. Rxd5 Rc1 27. Rdd1 Rxd1 28. Rxd1 bxa3 29. Kf1 Bf6 30. Nd3 Bxa1 31. Rxa1 Rc3 32. Ke2 b5 33. Kd2 Rc6 34. Rxa3 Rd6 35. Ke2 Re6+ 36. Kd2 Rd6 37. Ke3 Re6+ 38. Kd4 Rd6+ 39. Kc5 Rg6 40. g3 Rf6 41. f4 Re6 42. Ra2 g6 43. Nb4 a5 44.
Rxa5 Re2 45. Ra2 Re3 46. Kxb5 Kg7 47. Nd5 Rf3 48. Kc5 g5 49. Kd4 gxf4 50. Nxf4 Rb3 51.
Ke4 Rb4+ 52. Kf3 Rb5 53. Re2 Rb3+ 54. Re3 Rb4 55. Re2 Rb5 56. Kf2 Rb3 57. Ng2 Rb4 58. Ne3 Rb5 59. Rc2 Rb4 60. h4 Rb3 61. Rc4 Rb2+ 62.
Kf3 Rb3 63. Rg4+ Kh7 64. Rf4 Kg7 65. Rg4+ Kh7 66. Re4 Kg7 67. Rd4 Rb5 68. Rd5 Rb4 69.
Nf5+ Kf6 70. Nxh6 Kg6 71. Ng4 Rb3+ 72. Ne3 Rb4 73. Rf5 Rb3 74. Rf4 Rb4 75. Rxb4 1-0

[Event "*** SCC Grand Prix: Titled Tuesday Blitz"]
[Site "Chess.com"]
[Date "2020.09.08"]
[Round "7"]
[White "Mr_Sinigami"]
[Black "anon102030"]
[Result "1-0"]
[WhiteElo "2564"]
[BlackElo "2704"]
[TimeControl "180+1"]
[EndTime "11:19:59 PDT"]
[Termination "Mr_Sinigami won by checkmate"]

1. d4 Nf6 2. Nf3 d6 3. Bf4 g6 4. e3 Bg7 5. h3 Nbd7 6. Be2 O-O 7.
O-O Re8 8. c4 b6 9. Nc3 Bb7 10.
Bh2 e6 11. a4 a5 12. Nd2 d5 13.
Nb5 e5 14. Nf3 e4 15. Bxc7 Qe7 16. Ne5 Nxe5 17. Bxe5 Rad8 18. Bc7 Rc8 19. Bxb6 dxc4 20. Rc1 Bd5 21. Bxa5 Ra8 22. Bb6 Nd7 23. Bc7 Rec8 24.
Bxc4 Bxc4 25. Rxc4 Nb6 26. Bd6 Qd7 27. Rxc8+ Rxc8 28. b3 Nd5 29. Bc5 f5 30. Qd2 Rb8 31. Rc1 Nf6 32. Ba3 Nd5 33. Qc2 Qf7 34. Qc8+ Rxc8 35. Rxc8+ Bf8 36. Rxf8+ Qxf8 37. Bxf8 Kxf8 38. Kf1 Ke7 39.
Ke2 Kd7 40. Kd2 Kc6 41. Nc3 Nb4 42. f3 exf3 43. gxf3 Kd6 44. e4 Ke6 45. a5 Kf6 46. Na4 Nc6 47. a6 fxe4 48. fxe4 g5 49. Ke3 Na7 50.
Nc3 h5 51. b4 g4 52. hxg4 h4 53. b5 Nc8 54. Nd5+ Kg5 55. b6 h3 56. Kf2 Nd6 57.
b7 Nxe4+ 58. Kg1 Kxg4 59. b8=Q Ng5 60. Qf4+ Kh5 61. a7 Ne6 62. Qf5+ Ng5 63. a8=Q h2+ 64.
Kh1 Kh4 65. Qh8+ Kg3 66. Qf4# 1-0

[Event "*** SCC Grand Prix: Titled Tuesday Blitz"]
[Site "Chess.com"]
[Date "2020.09.08"]
[Round "7"]
[White "Zarinur"]
[Black "PavelChernomordik"]
[Result "0-1"]
[WhiteElo "2124"]
[BlackElo "2347"]
[TimeControl "180+1"]
[EndTime "11:20:01 PDT"]
[Termination "PavelChernomordik won on time"]

1. e4 g6 2. d4 Bg7 3. Nf3 d6 4. Bd3 c5 5. c3 Nc6 6. Be3 cxd4 7. cxd4 Bg4 8. Bc4 Nf6 9. Nc3 O-O 10. O-O Nd7 11.
d5 Bxf3 12. Qxf3 Nce5 13. Qe2 Nxc4 14. Qxc4 Rc8 15. Qb3 Qa5 16. Rac1 Qa6 17. Rfd1 Nc5 18. Bxc5 Rxc5 19. a4 Rfc8 20. Na2 Qe2 21. Rxc5 Rxc5 22. Nc1 Qxe4 23. Qxb7 Qc2 24. Rf1 Qxc1 25. Qxa7 Bxb2 26.
a5 Qc4 27. a6 Bd4 28. Qb8+ Rc8 29. a7 Bxa7 30. Qxa7 Rc7 31. Qb8+ Kg7 32. Qb2+ f6 33.
Qd2 Qc3 34. Qxc3 Rxc3 35. Rd1 f5 36. g3 Kf6 37. Kg2 g5 38. Re1 Rd3 39. Re6+ Kf7 40.
Rh6 Rxd5 41. Rxh7+ Kf6 42. Rh6+ Ke5 43. Rh5 g4 44.
Rh7 e6 45. Rh6 Rd2 46. Kg1 d5 47. Kg2 d4 48. Rh8 Ke4 49. Rd8 e5 50. h3 gxh3+ 51.
Kxh3 Rxf2 52. Kh4 d3 53. Kg5 d2 54. Rd6 Ke3 55. Kf6 e4 56. Ke5 Ke2 57. Rd5 e3 58. Kf6 d1=Q 0-1

[Event "*** SCC Grand Prix: Titled Tuesday Blitz"]
[Site "Chess.com"]
[Date "2020.09.08"]
[Round "7"]
[White "Izoria123"]
[Black "GMHess"]
[Result "1/2-1/2"]
[WhiteElo "2875"]
[BlackElo "2765"]
[TimeControl "180+1"]
[EndTime "11:20:02 PDT"]
[Termination "Game drawn by repetition"]

1. Nf3 g6 2. e4 Bg7 3. d4 d6 4.
Bc4 e6 5. Bb3 Ne7 6. O-O h6 7.
Re1 a5 8. c3 b6 9. Nbd2 Bb7 10.
Nf1 Nd7 11. Ng3 O-O 12. h4 e5 13. dxe5 dxe5 14. Be3 Nc5 15. Bxc5 bxc5 16. Qe2 a4 17. Bc4 Nc8 18. h5 Kh7 19. Rad1 Nd6 20. Bd5 Rb8 21. Qc2 Qe8 22. Bxb7 Rxb7 23. Rd5 c4 24. Ra5 Qe6 25. Rxa4 Rfb8 26. Rb4 Rxb4 27. cxb4 Rxb4 28. Qc3 Ra4 29. a3 Qe8 30. Rd1 Ra6 31. Rd5 Qa8 32. hxg6+ fxg6 33. Nxe5 Nxe4 34. Qxc4 Nxg3 35. fxg3 Re6 36.
Nf3 Qe8 37. b4 Re2 38. Qd3 Re3 39. Qd2 Rxa3 40. Rd7 Qe3+ 41. Qxe3 Rxe3 42. Rxc7 Rb3 43. Rb7 Kg8 44. b5 g5 45. g4 Rb4 46. Kf1 Rxg4 47.
b6 Rb4 48. Nd2 Bd4 49. Rb8+ Kf7 50. b7 Be5 51. Rc8 Rxb7 52. Nc4 Bf4 53. Kf2 Rc7 54. Rxc7+ Bxc7 55. g4 Kg6 56. Kf3 Bf4 57. Ke4 Kf6 58.
Nb6 Kg6 59. Nd5 Bd6 60. Ne3 h5 61. gxh5+ Kxh5 62. Kf5 Bf4 63. Ng4 Kh4 64. Nf6 Bc1 65. Ng4 Bd2 66. Nf6 Bc3 67. Ng4 Bd4 68. Nh6 Kh5 69. Ng4 Kh4 70. Nh6 Bg7 71. Ng4 Bf8 72. Ne5 Kh5 73. Ng4 Bd6 74. Nf6+ Kh4 75. Ng4 Bc5 76. Nf6 Bd4 77. Ng4 Bc3 78. Nh6 Kh5 79. Ng4 Kh4 80. Nh6 Bd4 81. Ng4 Bg7 82. Nf2 Bd4 83.
Ng4 1/2-1/2

[Event "*** SCC Grand Prix: Titled Tuesday Blitz"]
[Site "Chess.com"]
[Date "2020.09.08"]
[Round "7"]
[White "GMKrikor"]
[Black "angryhorse9"]
[Result "1/2-1/2"]
[WhiteElo "2683"]
[BlackElo "2515"]
[TimeControl "180+1"]
[EndTime "11:20:03 PDT"]
[Termination "Game drawn by repetition"]

1. e4 c5 2. Nf3 d6 3. d4 Nf6 4. Nc3 cxd4 5. Nxd4 Nc6 6. Bg5 e6 7. Qd2 Be7 8. O-O-O Nxd4 9. Qxd4 a6 10. f4 b5 11.
Bxf6 gxf6 12. Kb1 Bd7 13. f5 Qc7 14. Be2 h5 15. Rhf1 O-O-O 16. a4 Qb7 17. axb5 axb5 18. fxe6 fxe6 19. Qb4 Bc6 20. Bxb5 Kc7 21. Qc4 Kd7 22. Bxc6+ Qxc6 23. Qxc6+ Kxc6 24. Ne2 Kd7 25. g3 Ra8 26. c3 Ra4 27. Rd4 Ra6 28. Kc2 Rb8 29. Rd3 Ra2 30. Rb1 Ra5 31. Nd4 Rh8 32. Nf3 Rb8 33. b4 Ra2+ 34.
Rb2 Ra1 35. Rd1 Ra7 36. Kd3 Ra3 37. Rdb1 Rb5 38. Rb3 Ra2 39. R1b2 Ra1 40. Rb1 Ra2 41. R3b2 Ra3 42. Nd4 Rb8 43. Rb3 Ra2 44. Nc2 h4 45. gxh4 Rh8 46. R1b2 Raa8 47. Ra3 Rxa3 48. Nxa3 Rxh4 49.
Nc4 Rh3+ 50. Ne3 Bd8 51. Re2 Bb6 52. Kd2 Bxe3+ 53. Rxe3 Rxh2+ 54. Kd3 Rh5 55. Rg3 f5 56. exf5 Rxf5 57. Rg7+ Kc6 58. c4 Rf3+ 59. Ke4 Rf1 60.
b5+ Kb6 61. Rd7 Rd1 62. Rd8 e5 63. Rd7 Rd4+ 64. Ke3 Rxc4 65. Rxd6+ Kxb5 66. Rd5+ Rc5 67. Rxc5+ Kxc5 68. Ke4 Kd6 69. Ke3 Ke6 70. Ke4 Kf6 71. Ke3 Kf5 72. Kf3 e4+ 73. Ke3 Ke5 74. Ke2 Kf4 75.
Kf2 e3+ 76. Ke2 Ke4 77. Ke1 Kd3 78. Kd1 Kd4 79. Ke2 Ke4 80. Ke1 Kf3 81. Kf1 Kf4 82.
Ke2 Ke4 1/2-1/2

[Event "*** SCC Grand Prix: Titled Tuesday Blitz"]
[Site "Chess.com"]
[Date "2020.09.08"]
[Round "7"]
[White "Fandorine"]
[Black "DenLaz"]
[Result "1/2-1/2"]
[WhiteElo "2914"]
[BlackElo "2774"]
[TimeControl "180+1"]
[EndTime "11:20:05 PDT"]
[Termination "Game drawn by agreement"]

1. e4 e5 2. Nf3 Nc6 3. Bc4 Bc5 4. d3 Nf6 5. Nbd2 d6 6. c3 O-O 7. h3 Be6 8. Bb3 a5 9. a4 Re8 10. Ng5 Bxb3 11. Qxb3 Qd7 12. O-O h6 13. Ngf3 Rab8 14. Re1 d5 15. exd5 Qxd5 16. Qxd5 Nxd5 17. Nc4 f6 18. Bd2 Rbd8 19. Rad1 Nb6 20. Nxb6 Bxb6 21.
Be3 Bxe3 22. Rxe3 Rd7 23. Kf1 Red8 24. g3 Kf7 25. Ke2 Ne7 26. Re4 Nf5 27. g4 Nd6 28. Re3 b6 29. b3 Nb7 30. d4 Nc5 31.
Rb1 exd4 32. Nxd4 Re8 33. Rxe8 Kxe8 34. f3 Kf7 35. Ke3 Re7+ 36. Kd2 Rd7 37. h4 Ne6 38. Ke3 Nxd4 39. cxd4 g6 40. Rc1 Ke7 41. Rc6 Kf7 42.
Ke4 Re7+ 43. Kd3 Rd7 44. h5 gxh5 45. gxh5 Re7 46. f4 Kg7 47. d5 Kf7 48. Kd4 Rd7 49. Ke4 Ke7 50. Re6+ Kf7 51. Rc6 Ke7 52. Rc1 Kf7 53.
Rg1 Re7+ 54. Kd4 Re2 55. Rc1 Re7 56. f5 Rd7 57. Rc6 Ke7 58. Ke4 Kf7 59. d6 Rxd6 60.
Rxd6 cxd6 61. Kd5 Ke7 62. Kc6 d5 63. Kxd5 Kd7 64. Kd4 Kd6 65. Kc4 Kc6 66. Kd4 1/2-1/2

[Event "*** SCC Grand Prix: Titled Tuesday Blitz"]
[Site "Chess.com"]
[Date "2020.09.08"]
[Round "7"]
[White "r31415"]
[Black "ChessLover0108"]
[Result "0-1"]
[WhiteElo "2470"]
[BlackElo "2667"]
[TimeControl "180+1"]
[EndTime "11:20:07 PDT"]
[Termination "ChessLover0108 won on time"]

1. e4 c5 2. Nf3 d6 3. d4 cxd4 4. Nxd4 a6 5. h3 Nf6 6. Nc3 e5 7. Nde2 b5 8. g4 b4 9. Nd5 Nxd5 10. Qxd5 Ra7 11. Be3 Be6 12. Qd2 Rd7 13. Ng3 d5 14. Qe2 d4 15. Bd2 d3 16. cxd3 Nc6 17. Be3 g6 18. b3 Nd4 19. Bxd4 Rxd4 20. Rd1 Bh6 21. Bg2 O-O 22. h4 Bf4 23. Qf3 Qd7 24. Bh3 Rd8 25.
Ne2 Rxd3 26. Rxd3 Qxd3 27. Qxd3 Rxd3 28. Nxf4 exf4 29. Bf1 Rc3 30. Kd2 a5 31. g5 Rf3 32.
Ke2 Rc3 33. Kd2 a4 34. Bc4 Bxc4 35. bxc4 Rxc4 36. Kd3 Rc3+ 37. Kd4 Rc2 38. Rb1 Rxf2 39. Rxb4 Rxa2 40. Ke5 Kg7 41. Kxf4 Ra1 42. Rb7 a3 43. Ra7 a2 44. Ke5 h5 45. Ra6 Rh1 46. Rxa2 Rxh4 47. Rg2 Kf8 48. Kd5 Ke7 49. Ke5 Kf8 50. Kd5 Rg4 51.
Rxg4 hxg4 52. Kd4 Ke7 53. Ke3 Kd6 54. Kf4 Kc5 55. Kxg4 Kc4 56. Kf4 Kd4 57. Kf3 Kd3 58.
Kf4 Ke2 59. Ke5 Ke3 60. Kf6 Kxe4 61. Kxf7 Kf5 0-1